 Dungeon Crawl Stone Soup version 0.31-a0-986-g5e6e4ef867 (webtiles) character file.

Game seed: 994106329701970392

413 DocClef the Ruffian (level 6, 0/34 HPs)
             Began as a Gargoyle Shapeshifter on Nov 6, 2023.
             Slain by an ogre
             ... wielding a +0 giant club
              (20 damage)
             ... on level 5 of the Dungeon.
             The game lasted 00:03:46 (3217 turns).

DocClef the Ruffian (Gargoyle Shapeshifter)         Turns: 3217, Time: 00:03:46

Health: 0/34       AC: 10    Str: 20    XL:     6   Next: 91%
Magic:  6/6        EV: 10    Int: 16    God:
Gold:   221        SH:  0    Dex:  9    Spells: 5/5 levels left

rFire   . .          .
                       - Unarmed
rCold   . . .        (no shield)
rNeg    + . .        h - +0 scale mail
rPois   ∞            (helmet currently unavailable)
rElec   +            (cloak currently unavailable)
rCorr   .            (gloves currently unavailable)
SInv    +            (boots currently unavailable)
Will    .....        (no amulet) Stlth
                     i - ring of see invisible
HPRegen 0.25/turn    j - +6 ring of intelligence
MPRegen 0.10/turn

%: no passive effects
@: beast-form
A: beast (slay +2), sickness immunity, AC +4, negative energy resistance 1,
electricity resistance, torment resistance 1, petrification resistance
a: Begin Untransformation


You were on level 5 of the Dungeon.
You were a hulking beast.
You visited 1 branch of the dungeon, and saw 5 of its levels.

You collected 221 gold pieces.

Inventory:

Armour
 a - a +0 animal skin
 h - a +0 scale mail (worn)
Jewellery
 i - a ring of see invisible (left hand)
 j - a +6 ring of intelligence (right hand)
Talismans
 c - a beast talisman
 d - a flux talisman
Scrolls
 e - a scroll of poison {unknown}
 f - 2 scrolls of revelation {unknown}
 k - a scroll of identify {unknown}
 m - a scroll of torment {unknown}
 n - a scroll of blinking {unknown}
 o - a scroll of teleportation {unknown}
 p - a scroll of fog {unknown}
 r - 2 scrolls of noise {unknown}
 s - a scroll of amnesia {unknown}
Potions
 b - a potion of lignification
 g - 4 potions of curing {unknown}
 l - 2 potions of heal wounds {unknown}
 q - a potion of might {unknown}


   Skills:
 - Level 1.1 Fighting
 - Level 1.5 Dodging
 + Level 5.1 Unarmed Combat
 + Level 4.8 Shapeshifting


You had 5 spell levels left.
You didn't know any spells.
Your spell library contained the following spells:

 Spells                   Type           Power      Damage    Failure   Level
 Summon Small Mammal      Summ           0%         N/A       58%         1
 Call Canine Familiar     Summ           0%         N/A       92%         3
 Summon Guardian Golem    Hex/Summ       0%         N/A       92%         3


Dungeon Overview and Level Annotations

Branches:
Dungeon (5/15)
 Temple: D:4-7

Altars:
Qazlal

Shops:
D:3 (*   D:4 :

Annotations:
D:5 Prince Ribbit


Innate Abilities, Weirdness & Mutations

You are a hulking beast.
Your limbs bulge with bestial killing power. (Slay +2)
You are immune to sickness and miasma.
Your stone body is resilient. (AC +4)
You are immune to poison.
You resist negative energy. (rN+)
You are resistant to electric shocks. (rElec)
You are resistant to unholy torment.
You are immune to petrification.


Message History

An ufetubus comes into view.
The ufetubus shouts!
The ogre hits you with a +0 giant club!
The ufetubus hits you but does no damage.
The ufetubus closely misses you.
You hit the ogre.
The ogre is lightly wounded.
The ufetubus hits you but does no damage. x2
The ogre misses you.
You closely miss the ogre.
The ogre is lightly wounded.
The ufetubus barely misses you. The ufetubus closely misses you.
You hit the ogre.
The ogre is moderately wounded.
The ufetubus hits you.
The ufetubus hits you but does no damage.
The ogre closely misses you. The ufetubus closely misses you.
The ufetubus barely misses you.
You hit the ogre.
The ogre is moderately wounded.
The ufetubus completely misses you. The ufetubus closely misses you.
You hit the ogre. You punch the ogre!
The ogre is severely wounded.
The ufetubus slips past you! The ufetubus hits you. x2
The ogre barely misses you. The ufetubus closely misses you.
The ufetubus hits you but does no damage.
You closely miss the ogre. Your punch misses the ogre.
The ogre is severely wounded.
The ufetubus hits you.
The ufetubus hits you but does no damage.
The ogre closely misses you.
You hit the ogre.
The ogre is almost dead.
The ufetubus hits you. The ufetubus barely misses you.
You barely miss the ogre. Your punch misses the ogre.
The ogre is almost dead.
The ufetubus barely misses you. The ufetubus closely misses you.
The ogre hits you with a +0 giant club!!
Ouch! That really hurt!
You die...

############ #########
#..........# ........#
#..........# ##
.......5###..........#
.##
......Oh........######
..## ........##......#
...# ........##.#.#†##
...# #.##..##.....#.#
.# ...# # ##.
#.##.#..####...# ..##
#.#..##.#.#.....# ..##
#...##..#.#.#####
...#####
#..##.......########
<........
.......#.###........


You could see an ogre and an ufetubus.

Vanquished Creatures
  A black bear (D:5)
  A hound (D:3)
  An orc priest (D:4)
  Jessica (D:3)
  2 iguanas (D:3)
  A sleepcap (D:5)
  An orc wizard (D:5)
  4 adders
  A gnoll (D:1)
  An ufetubus (D:5)
  4 dart slugs
  6 orcs
  6 endoplasms
  3 giant cockroaches
  8 goblins
  5 hobgoblins
  A jackal (D:1)
  3 quokkas
  6 ball pythons
  2 bats
  A frilled lizard (D:1)
  11 kobolds
  6 rats (D:1)
76 creatures vanquished.

Notes
Turn   | Place    | Note
-------+----------+-------------------------------------------
     0 | D:1      | DocClef the Gargoyle Shapeshifter began the quest for the
                  | Orb.
     0 | D:1      | Reached XP level 1. HP: 12/12 MP: 1/1
   136 | D:1      | Reached XP level 2. HP: 4/16 MP: 2/2
   422 | D:1      | Reached XP level 3. HP: 18/20 MP: 3/3
   982 | D:2      | Reached XP level 4. HP: 24/25 MP: 4/4
  1352 | D:2      | Found a faded altar of an unknown god.
  1619 | D:3      | Found Fuah's Weapon Boutique.
  1623 | D:3      | Found Vanukhao's General Store.
  1645 | D:3      | Found Nibrupt's Distillery.
  2050 | D:3      | Reached XP level 5. HP: 11/29 MP: 5/5
  2262 | D:3      | Noticed Jessica
  2264 | D:3      | Killed Jessica
  2265 | D:3      | Reached skill level 4 in Unarmed Combat
  2294 | D:3      | Found a stormy altar of Qazlal.
  2772 | D:4      | Reached XP level 6. HP: 29/34 MP: 6/6
  2833 | D:4      | Found Bichahin's Self-Improvement Boutique.
  3031 | D:5      | Entered Level 5 of the Dungeon
  3091 | D:5      | Noticed Prince Ribbit
  3133 | D:5      | Noticed a black bear
  3139 | D:5      | Killed a black bear
  3140 | D:5      | Reached skill level 5 in Unarmed Combat
  3217 | D:5      | Slain by an ogre

Illustrated notes

Levels and vault maps discovered:
D:1:      dpeg_arrival_round_c, layout_basic, minmay_cut_off
D:2:      layout_loops_ring, shapermc_ecumenical_altar_petra
D:3:      layout_basic, mainiacjoe_overflow_alcove_1, serial_shops,
          nicolae_shop_bloodbath_and_beyond, shop, shop, uniq_jessica
D:4:      layout_basic, hex_large, nicolae_shop_self_help
D:5:      minmay_inner_zag, layout_rooms, kennysheep_nondescript,
          uniq_prince_ribbit1

Skill      XL: |  1  2  3  4  5  6 |
---------------+-------------------+-----
Shapeshifting  | 3 4 |  4.8
Unarmed Combat | 4 5 |  5.1
Fighting       | |  1.1
Dodging        | |  1.5

Action                     |  1- 3 |  4- 6 || total
---------------------------+-------+-------++-------
  Melee: Unarmed           |   104 |   172 ||   276
         Punch             |     3 |     6 ||     9
 Armour: Animal skin       |    11 |       ||    11
         Scale mail        |    53 |   120 ||   173
  Dodge: Dodged            |    45 |    98 ||   143

Table legend: (Time is in decaauts)
 A = Elapsed time spent in this place.
 B = Non-inter-level travel time spent in this place.
 C = Inter-level travel time spent in this place.
 D = Time resting spent in this place.
 E = Time spent auto-exploring this place.
 F = Levels seen in this place.
 G = Mean time per level.
                   A        B        C        D        E       F      G
               +--------+--------+--------+--------+--------+-----+--------+
         Total |   3198 |   3103 |     95 |     84 |   2450 |   5 |  639.6 |
       Dungeon |   3198 |   3103 |     95 |     84 |   2450 |   5 |  639.6 |
               +--------+--------+--------+--------+--------+-----+--------+

Top non-repeatable levels by time:
     D:3: 937 daAuts
     D:1: 854 daAuts
     D:2: 639 daAuts
     D:4: 618 daAuts
     D:5: 147 daAuts
